 Dungeon Crawl Stone Soup version 0.31.0-11-ge490571c62 (webtiles) character file.

Game seed: 3148446864039898358

12448 qw the Nimble (level 11, -15/55 HPs)
             Began as a Spriggan Hunter on Feb 5, 2024.
             Was a Priest of Okawaru.
             Shot with an arrow by Nessos (21 damage)
             ... on level 3 of the Lair of Beasts.
             The game lasted 00:04:06 (8441 turns).

qw the Nimble (Spriggan Hunter)                     Turns: 8441, Time: 00:04:07

Health: -15/55     AC:  6    Str:  7    XL:     11   Next: 62%
Magic:  12/17      EV: 36    Int: 11    God:    Okawaru [***...]
Gold:   608        SH:  0    Dex: 23    Spells: 10/10 levels left

rFire   . . .        l - +2 arbalest (freeze)
rCold   . . .        (shield currently unavailable)
rNeg    . . .        c - +1 robe
rPois   +            (helmet restricted)
rElec   .            q - +1 cloak
rCorr   .            (gloves unavailable)
SInv    +            (boots unavailable)
Will    +....        (no amulet)
Stlth   ++           e - +5 ring of evasion
HPRegen 0.29/turn    f - ring of poison resistance
MPRegen 0.15/turn

%: no passive effects
@: finesse-ful, very quick
A: very small, no large weapons, unfitting armour, see invisible, speed 3,
iridescent scales 1, deformed body
a: Renounce Religion, Heroism


You were on level 3 of the Lair of Beasts.
You worshipped Okawaru.
Okawaru was most pleased with you.
You visited 3 branches of the dungeon, and saw 12 of its levels.

You collected 608 gold pieces.


Innate Abilities, Weirdness & Mutations

You are very small and have problems with some larger weapons.
You are too small for most types of armour.
You have supernaturally acute eyesight. (SInv)
You cover ground extremely quickly. (Speed+++)
You are partially covered in iridescent scales. (AC +2)
Armour fits poorly on your strangely shaped body.


   Skills:
 - Level 5.0 Fighting
 + Level 13.1 Ranged Weapons
 - Level 14.1 Dodging
 - Level 1.5 Stealth
 - Level 6.8 Invocations


You had 10 spell levels left.
You didn't know any spells.
Your spell library was empty.

Inventory:

Hand Weapons
 l - a +2 arbalest of freezing (weapon)
Armour
 b - the +0 robe "Fedutiosk" {rElec rPois rC- rN++}
   (You acquired it on level 2 of the Dungeon)

   rC-:       It makes you vulnerable to cold.
   rElec:     It insulates you from electricity.
   rPois:     It protects you from poison rN++: It greatly protects you from
   negative energy.
 c - a +1 robe (worn)
 q - a +1 cloak (worn)
Jewellery
 e - a +5 ring of evasion (left hand)
 f - a ring of poison resistance (right hand)
 o - a ring of protection from fire
 p - a ring of fire
 Y - a ring of resist corrosion
Scrolls
 j - 4 scrolls of teleportation
Potions
 a - 2 potions of curing
 d - a potion of haste
 g - a potion of enlightenment {unknown}
 h - a potion of heal wounds
 i - a potion of might {unknown}
 k - 2 potions of cancellation
 m - a potion of mutation
 n - a potion of invisibility {unknown}
 r - a potion of brilliance {unknown}

Dungeon Overview and Level Annotations

Branches:
Dungeon (8/15)             Temple (1/1) D:7            Lair (3/5) D:8
  Swamp (0/4) Lair:2       Spider (0/4) Lair:2

Altars:
Ashenzari
Cheibriados
Dithmenos
Elyvilon
Fedhas
Gozag
Hepliaklqana
Kikubaaqudgha
Makhleb
Nemelex Xobeh
Okawaru
Qazlal
Ru
Sif Muna
Trog
Uskayaw
Vehumet
Wu Jian
Xom
Yredelemnul
Zin
The Shining One

Annotations:
D:4 1 runed translucent door, qw's ghost, amateur SpHu
D:7 exclusion: electric eel
Lair:3 Nessos


Message History

You shoot a bolt. The bullfrog gives a loud, deep croak!
The bolt hits the bullfrog!
The bolt freezes the bullfrog.
The bullfrog is heavily wounded.
Nessos the Markscentaur comes into view.
They are wearing a +0 barding of fire resistance.
8436 ||| INVOKING Finesse.
You can now deal lightning-fast blows.
You can no longer speed up your combat.
Nessos wields a +2 longbow of flaming.
It bursts into flame!
Nessos shoots an arrow.
The arrow misses you.
Nessos pounds the earth with their hooves.
Nessos gestures wildly while chanting.
Nessos seems to speed up.
You shoot a bolt. The bolt barely misses the bullfrog.
A bullfrog comes into view.
Nessos shoots an arrow.
The arrow hits you! The arrow burns you.
The bullfrog moves out of view.
You hear a loud, deep croak!
You shoot a bolt.
The bolt hits Nessos but does no damage.
Nessos shoots an arrow.
The arrow hits you! The arrow burns you.
A rime drake comes into view.
The rime drake hisses angrily.
You shoot a bolt. The bolt hits Nessos.
The bolt freezes Nessos.
Nessos is lightly wounded.
You hear the rumble of a distant avalanche of rocks.
Nessos gestures wildly while chanting.
Nessos blinks!
Nessos pounds the earth with their hooves.
Nessos shoots an arrow.
The arrow completely misses you.
The arrow hits the plant!
The plant begins to die.
The arrow burns the plant.
You shoot a bolt. The bolt completely misses Nessos.
Nessos shoots an arrow.
The arrow completely misses you.
The arrow hits the plant!
The arrow burns the plant!
You shoot a bolt. The bolt hits Nessos!
The bolt freezes Nessos.
Nessos is moderately wounded.
Nessos shoots an arrow.
The arrow hits you! The arrow burns you. The rime drake breathes ice at you.
The icy flash freeze misses you.
Nessos shoots an arrow.
The arrow hits you!!
You die...

###.#.#...........
###..................
#....<.....?.....F .
#....#....c#..... k.
#...................
##..#...............
#................>..
#....#.<.....#...?.#
#....##..#..@.....#
##.####...P..P.....#
##.## ###........#..
##...# ##..........
###...## ...........
##P...##
#####.##..... #...###
## ###.. P.### ##..
..(## ##.>##


You could see Nessos (fast), a rime drake (catching breath) and a bullfrog.

Vanquished Creatures
  2 catoblepae (Lair:2)
  A skyshark (Lair:3)
  A bog body (Lair:2)
  Maurice (D:8)
  A manticore (D:8)
  A black mamba (Lair:1)
  3 cane toads (Lair:2)
  5 komodo dragons
  A rime drake (Lair:2)
  A troll (D:6)
  A tarantella (Lair:2)
  Sigmund (D:2)
  A culicivora (Lair:2)
  A wyvern (D:7)
  2 basilisks
  5 yaks (Lair:1)
  A steam dragon (D:8)
  Grum (D:8)
  Menkaure (D:5)
  10 water moccasins
  2 orc warriors (D:7)
  3 black bears
  A sky beast (D:7)
  An ice beast (D:5)
  4 wolves (D:8)
  3 ogres
  2 centaurs
  A phantom (D:6)
  2 scorpions
  8 bullfrogs
  5 wights (D:8)
  8 electric eels
  2 bombardier beetles
  4 hounds
  3 jellies
  A gnoll bouda (D:6)
  An orc priest (D:7)
  3 sleepcaps
  5 orc wizards
  3 iguanas
  Robin (D:3)
  12 gnolls
  5 adders
  A shadow imp (D:7)
  3 white imps
  A dart slug (D:2)
  2 ribbon worms
  19 orcs
  3 bats (D:1)
  5 endoplasms
  3 giant cockroaches
  11 goblins
  14 hobgoblins
  4 jackals (D:4)
  5 kobolds
  3 quokkas
  7 ball pythons
  5 frilled lizards
  9 rats
216 creatures vanquished.

Notes
Turn   | Place    | Note
-------+----------+-------------------------------------------
     0 | D:1      | qw the Spriggan Hunter began the quest for the Orb.
     0 | D:1      | Reached XP level 1. HP: 10/10 MP: 2/2
     0 | D:1      | 0 ||| qw: Version: 0.3-a-160-g6735b56
     0 | D:1      | 0 ||| qw: Game counter: 6352
     0 | D:1      | 0 ||| qw: Melee chars always use a shield: true
     0 | D:1      | 0 ||| qw: God list: Okawaru
     0 | D:1      | 0 ||| qw: Allow faded altars: false
     0 | D:1      | 0 ||| qw: Do Orc after clearing Dungeon:15 true
     0 | D:1      | 0 ||| qw: Do second Lair branch before Depths: true
     0 | D:1      | 0 ||| qw: Lair rune preference: random
     0 | D:1      | 0 ||| qw: Goals: Normal
     0 | D:1      | 0 ||| PLANNING D:1-11
   102 | D:1      | Reached skill level 3 in Dodging
   170 | D:1      | Reached XP level 2. HP: 14/14 MP: 3/3
   300 | D:1      | Reached skill level 4 in Dodging
   638 | D:1      | 638 ||| UPGRADING to ring of resist corrosion.
   639 | D:1      | 639 ||| UPGRADING to ring of poison resistance.
   640 | D:1      | 640 ||| READING scroll labelled OFAULAE XUAJA.
   641 | D:1      | 641 ||| DROPPING scroll of butterflies.
   785 | D:2      | Noticed Sigmund
   793 | D:2      | Killed Sigmund
   794 | D:2      | Reached skill level 6 in Ranged Weapons
   794 | D:2      | Reached XP level 3. HP: 14/18 MP: 4/4
   794 | D:2      | Reached XP level 4. HP: 17/22 MP: 5/5
   794 | D:2      | Reached XP level 5. HP: 19/25 MP: 6/6
  1457 | D:2      | 1457 ||| READING scroll labelled KOYNUU NAAFECK.
  1457 | D:2      | Identified a scroll of acquirement
  1457 | D:2      | 1457 ||| ACQUIRING +0 robe "Fedutiosk" {rElec rPois rC-
                  | rN++}
  1457 | D:2      | Acquired the +0 robe "Fedutiosk" {rElec rPois rC- rN++}
  1459 | D:2      | 1459 ||| READING scroll labelled ICVOJO YBARCHARGH.
  1460 | D:2      | 1460 ||| READING scroll labelled XIHOWA OQAN.
  1461 | D:2      | 1461 ||| READING 2 scrolls labelled YTEDAH RIRETUXT.
  1483 | D:3      | 1483 ||| STAIRDANCE
  1487 | D:3      | 1487 ||| STAIRDANCE
  1491 | D:3      | 1491 ||| STAIRDANCE
  1495 | D:3      | 1495 ||| STAIRDANCE
  1577 | D:3      | Noticed Robin
  1596 | D:3      | Killed Robin
  1597 | D:3      | Reached skill level 5 in Dodging
  1647 | D:3      | Found a faded altar of an unknown god.
  1774 | D:3      | Reached XP level 6. HP: 30/30 MP: 7/7
  1862 | D:3      | 1862 ||| FLEEEEING.
  1863 | D:3      | 1863 ||| FLEEEEING.
  1865 | D:3      | 1865 ||| FLEEEEING.
  1878 | D:3      | 1878 ||| READING scroll of acquirement.
  1878 | D:3      | 1878 ||| ACQUIRING +0 arbalest of freezing
  1878 | D:3      | Acquired a +0 arbalest of freezing
  1880 | D:3      | 1880 ||| SWAPPING to +0 arbalest of freezing.
  1881 | D:3      | 1881 ||| DROPPING +0 shortbow.
  2123 | D:3      | 2123 ||| READING scroll labelled YFOMURGH QENINT.
  2123 | D:3      | 2123 ||| ENCHANTING +0 arbalest of freezing.
  2124 | D:3      | 2124 ||| READING scroll labelled VESCHUU NEFABU.
  2125 | D:3      | 2125 ||| DRINKING 2 fizzy sapphire potions.
  2125 | D:3      | Gained mutation: Armour fits poorly on your strangely
                  | shaped body. [potion of mutation]
  2125 | D:3      | Gained mutation: You are partially covered in iridescent
                  | scales. (AC +2) [potion of mutation]
  2164 | D:4      | Reached skill level 6 in Dodging
  2166 | D:4      | HP: 6/30 [endoplasm (2)]
  2167 | D:4      | 2167 ||| READING scroll of teleportation.
  2471 | D:4      | Reached XP level 7. HP: 31/35 MP: 8/8
  2510 | D:4      | Found a runed translucent door.
  2511 | D:4      | Noticed qw's ghost (amateur SpHu)
  2677 | D:4      | 2677 ||| READING 3 scrolls labelled WOUHAENKUQ.
  2740 | D:4      | 2740 ||| DROPPING 2 scrolls of torment.
  2756 | D:5      | Entered Level 5 of the Dungeon
  2791 | D:5      | Reached skill level 7 in Dodging
  3158 | D:5      | Noticed Menkaure
  3163 | D:5      | Killed Menkaure
  3381 | D:5      | Reached XP level 8. HP: 39/39 MP: 9/9
  3509 | D:5      | 3509 ||| READING 3 scrolls labelled OTZUMN ESHO.
  3509 | D:5      | 3509 ||| IDENTIFYING coppery potion
  3510 | D:5      | 3510 ||| READING 2 scrolls of identify.
  3510 | D:5      | 3510 ||| IDENTIFYING metallic coppery potion
  3511 | D:5      | 3511 ||| READING scroll of identify.
  3511 | D:5      | 3511 ||| IDENTIFYING fuming cyan potion
  3512 | D:5      | 3512 ||| READING scroll labelled YKKU IDOXKULEC.
  3512 | D:5      | 3512 ||| ENCHANTING +0 robe.
  3513 | D:5      | 3513 ||| DRINKING 2 glowing blue potions.
  3514 | D:5      | 3514 ||| DROPPING potion of ambrosia.
  3515 | D:5      | 3515 ||| DROPPING potion of degeneration.
  3590 | D:6      | Reached skill level 3 in Fighting
  3695 | D:6      | Found a hazy altar of Hepliaklqana.
  3797 | D:6      | Reached skill level 8 in Dodging
  3991 | D:6      | Noticed a troll
  3997 | D:6      | Killed a troll
  3998 | D:6      | Reached skill level 9 in Ranged Weapons
  4005 | D:6      | Found the +18 Lear's hauberk
  4334 | D:6      | Reached skill level 9 in Dodging
  4546 | D:6      | 4546 ||| UPGRADING to +5 ring of evasion.
  4561 | D:7      | Found a staircase to the Ecumenical Temple.
  4562 | D:7      | 4562 ||| PLANNING TEMPLE
  4567 | Temple   | Entered the Ecumenical Temple
  4568 | Temple   | 4568 ||| PLANNING OKAWARU WORSHIP
  4598 | Temple   | Became a worshipper of Warmaster Okawaru
  4599 | Temple   | 4599 ||| PLANNING D:1-11
  4660 | D:7      | Reached XP level 9. HP: 44/44 MP: 10/10
  4748 | D:7      | 4748 ||| RETREEEEATING.
  4753 | D:7      | Reached skill level 10 in Dodging
  4758 | D:7      | 4758 ||| RETREEEEATING.
  4760 | D:7      | 4760 ||| RETREEEEATING.
  4762 | D:7      | 4762 ||| RETREEEEATING.
  4763 | D:7      | 4763 ||| RETREEEEATING.
  4767 | D:7      | Reached * piety under Okawaru
  4775 | D:7      | Reached skill level 1 in Invocations
  4933 | D:7      | Identified the +7 flail of the Teaching Gods {protect,
                  | rElec}
  5092 | D:7      | HP: 11/45 [electric eel/bolt of electricity (9)]
  5093 | D:7      | 5093 ||| READING 2 scrolls of teleportation.
  5093 | D:7      | HP: 4/45 [electric eel/bolt of electricity (7)]
  5094 | D:7      | 5094 ||| DRINKING potion of heal wounds.
  5443 | D:7      | 5443 ||| READING scroll of identify.
  5443 | D:7      | 5443 ||| IDENTIFYING dark potion
  5497 | D:8      | Reached skill level 3 in Invocations
  5532 | D:8      | Noticed a manticore
  5533 | D:8      | 5533 ||| INVOKING Heroism.
  5537 | D:8      | Killed a manticore
  5538 | D:8      | Reached skill level 11 in Dodging
  5602 | D:8      | Noticed Grum
  5604 | D:8      | 5604 ||| RETREEEEATING.
  5605 | D:8      | 5605 ||| RETREEEEATING.
  5606 | D:8      | 5606 ||| RETREEEEATING.
  5607 | D:8      | 5607 ||| RETREEEEATING.
  5612 | D:8      | 5612 ||| RETREEEEATING.
  5613 | D:8      | 5613 ||| RETREEEEATING.
  5618 | D:8      | Killed Grum
  5618 | D:8      | Reached ** piety under Okawaru
  5622 | D:8      | Reached XP level 10. HP: 33/49 MP: 14/14
  6021 | D:8      | Found a stormy altar of Qazlal.
  6027 | D:8      | 6027 ||| READING scroll of enchant weapon.
  6027 | D:8      | 6027 ||| ENCHANTING +1 arbalest of freezing.
  6143 | D:8      | Noticed Maurice
  6144 | D:8      | 6144 ||| INVOKING Heroism.
  6149 | D:8      | Killed Maurice
  6150 | D:8      | Reached skill level 12 in Dodging
  6316 | D:8      | Found a staircase to the Lair.
  6318 | D:8      | 6318 ||| PLANNING LAIR
  6318 | D:8      | 6318 ||| UPGRADING to +0 cloak.
  6323 | D:8      | 6323 ||| READING scroll of enchant armour.
  6323 | D:8      | 6323 ||| ENCHANTING +0 cloak.
  6324 | D:8      | 6324 ||| READING scroll labelled JOIN XEGUUSISS.
  6325 | D:8      | 6325 ||| DRINKING 2 bubbling ruby potions.
  6326 | D:8      | 6326 ||| DROPPING potion of attraction.
  6333 | Lair:1   | Entered Level 1 of the Lair of Beasts
  6463 | Lair:1   | 6463 ||| RETREEEEATING.
  6464 | Lair:1   | 6464 ||| RETREEEEATING.
  6465 | Lair:1   | 6465 ||| RETREEEEATING.
  6467 | Lair:1   | 6467 ||| RETREEEEATING.
  6468 | Lair:1   | 6468 ||| RETREEEEATING.
  6469 | Lair:1   | 6469 ||| RETREEEEATING.
  6470 | Lair:1   | 6470 ||| RETREEEEATING.
  6472 | Lair:1   | 6472 ||| RETREEEEATING.
  6473 | Lair:1   | 6473 ||| RETREEEEATING.
  6474 | Lair:1   | 6474 ||| RETREEEEATING.
  6476 | Lair:1   | 6476 ||| RETREEEEATING.
  6478 | Lair:1   | 6478 ||| RETREEEEATING.
  6480 | Lair:1   | 6480 ||| RETREEEEATING.
  6482 | Lair:1   | 6482 ||| RETREEEEATING.
  6483 | Lair:1   | 6483 ||| RETREEEEATING.
  6484 | Lair:1   | 6484 ||| RETREEEEATING.
  6490 | Lair:1   | 6490 ||| RETREEEEATING.
  6491 | Lair:1   | Reached *** piety under Okawaru
  6492 | Lair:1   | 6492 ||| RETREEEEATING.
  6494 | Lair:1   | 6494 ||| RETREEEEATING.
  6495 | Lair:1   | 6495 ||| RETREEEEATING.
  6496 | Lair:1   | 6496 ||| RETREEEEATING.
  6497 | Lair:1   | 6497 ||| RETREEEEATING.
  6498 | Lair:1   | 6498 ||| RETREEEEATING.
  6500 | Lair:1   | Reached skill level 12 in Ranged Weapons
  6755 | Lair:1   | Reached skill level 13 in Dodging
  6768 | Lair:1   | Reached **** piety under Okawaru
  6818 | Lair:1   | Noticed a black mamba
  6819 | Lair:1   | 6819 ||| INVOKING Finesse.
  6825 | Lair:1   | Killed a black mamba
  7072 | Lair:1   | 7072 ||| READING scroll of identify.
  7072 | Lair:1   | 7072 ||| IDENTIFYING yellow potion
  7073 | Lair:1   | 7073 ||| READING scroll labelled SYQUCH CASIES.
  7213 | Lair:2   | Reached XP level 11. HP: 55/55 MP: 15/15
  7406 | Lair:2   | Found a staircase to the Swamp.
  7409 | Lair:2   | Noticed a bog body
  7410 | Lair:2   | 7410 ||| INVOKING Finesse.
  7411 | Lair:2   | 7411 ||| INVOKING Finesse.
  7415 | Lair:2   | Killed a bog body
  7480 | Lair:2   | Noticed a catoblepas
  7481 | Lair:2   | 7481 ||| INVOKING Finesse.
  7484 | Lair:2   | 7484 ||| Stepping ~*~*~tactically~*~*~ (cloud).
  7485 | Lair:2   | 7485 ||| Stepping ~*~*~tactically~*~*~ (cloud).
  7495 | Lair:2   | Killed a catoblepas
  7592 | Lair:2   | Noticed a catoblepas
  7593 | Lair:2   | 7593 ||| INVOKING Finesse.
  7597 | Lair:2   | Killed a catoblepas
  7610 | Lair:2   | Reached skill level 6 in Invocations
  7677 | Lair:2   | Found a hole to the Spider Nest.
  8159 | Lair:3   | Noticed a skyshark
  8160 | Lair:3   | 8160 ||| INVOKING Finesse.
  8166 | Lair:3   | Killed a skyshark
  8167 | Lair:3   | Reached skill level 14 in Dodging
  8435 | Lair:3   | Noticed Nessos
  8436 | Lair:3   | 8436 ||| INVOKING Finesse.
  8441 | Lair:3   | HP: 10/55 [Nessos/arrow (11)]
  8441 | Lair:3   | Shot with an arrow by Nessos

Levels and vault maps discovered:
D:1:      lemuel_arrival_muddy, layout_loops_ring
D:2:      layout_basic, uniq_sigmund
D:3:      layout_basic, ebering_ecumenical_altar_hall, uniq_robin
D:4:      layout_rooms, gammafunk_ghost_grave
D:5:      layout_loops_ring, grunt_ministairs_7, uniq_menkaure
D:6:      layout_loops_corners, mainiacjoe_overflow_alcove_1,
          hellmonk_guarded_unrand_lears
D:7:      layout_cave_pools, minmay_temple_entry_mist, serial_bayou_lake_a
D:8:      layout_loops_cross, nicolae_qazlal_scattered_showers,
          lair_entry_dummy, kennysheep_path_1, uniq_maurice, uniq_grum
Temple:   mainiacjoe_temple_big_plus
Lair:1:   layout_hall_layers, serial_bayou_shore_b
Lair:2:   layout_gridlike, skrybe_swamp_entry_bodies, spider_nest_entry_rubble
Lair:3:   layout_misc_corridors, lightli_volcano_entry_magma_tube, uniq_nessos

Skill      XL: |  1  2  3  4  5  6  7  8  9 10 11 |
---------------+----------------------------------+-----
Dodging        | 3 4 5 6 7 9 11 13 14 | 14.1
Ranged Weapons | 6 8 9 10 12 13 | 13.1
Fighting       | 2 3 4 5 |  5.0
Invocations    | 4 6 |  6.8
Stealth        | |  1.5

Action                     |  1- 3 |  4- 6 |  7- 9 | 10-12 || total
---------------------------+-------+-------+-------+-------++-------
   Fire: Shortbow          |    78 |    89 |       |       ||   167
         Arbalest          |       |    78 |   234 |   208 ||   520
 Invoke: Heroism           |       |       |     1 |     1 ||     2
         Finesse           |       |       |       |     6 ||     6
    Use: Scroll            |     1 |     8 |     7 |     5 ||    21
         Potion            |       |     1 |     2 |     1 ||     4
 Armour: Robe              |     9 |    43 |    46 |    16 ||   114
  Dodge: Dodged            |    28 |   162 |   172 |   105 ||   467

Table legend:
 A = Non-vault XP
 B = Vault XP
 C = Vault XP percentage of total XP
 D = Non-vault monster count
 E = Vault monster count
 F = Vault count percentage of total count
                 A         B        C        D         E       F
            +---------+---------+-------+---------+---------+-------
      Total |   14569 |    3215 |  18.1 |     189 |      27 |  12.5
            +---------+---------+-------+---------+---------+-------
        D:1 |      33 |       0 |   0.0 |      23 |       0 |   0.0
        D:2 |      42 |     226 |  84.3 |      11 |       1 |   8.3
        D:3 |      90 |      39 |  30.2 |      19 |      13 |  40.6
        D:4 |     451 |       0 |   0.0 |      29 |       0 |   0.0
        D:5 |     385 |     285 |  42.5 |       9 |       3 |  25.0
        D:6 |     749 |     312 |  29.4 |      20 |       1 |   4.8
        D:7 |    1387 |       0 |   0.0 |      24 |       0 |   0.0
        D:8 |    1931 |    1165 |  37.6 |      19 |       6 |  24.0
     Lair:1 |    3404 |       0 |   0.0 |      15 |       0 |   0.0
     Lair:2 |    4848 |    1188 |  19.7 |      15 |       3 |  16.7
     Lair:3 |    1249 |       0 |   0.0 |       5 |       0 |   0.0
            +---------+---------+-------+---------+---------+-------
